 Dungeon Crawl Stone Soup version 0.25.0-11-g1f837a76a1 (webtiles) character file.

Game seed: 3690028189605874340

264 Apogee the Covert (level 5, 0/24 HPs)
             Began as a Spriggan Enchanter on June 26, 2020.
             Slain by a giant cockroach (1 damage)
             ... while paralysed by Grinder
             ... on level 3 of the Dungeon.
             The game lasted 00:04:14 (2275 turns).

Apogee the Covert (Spriggan Enchanter)              Turns: 2275, Time: 00:04:15

Health: 0/24       AC:  3    Str:  4    XL:     5   Next: 98%
Magic:  10/10      EV:  4    Int: 16    God:
Gold:   93         SH:  0    Dex: 18    Spells: 6/9 levels left

rFire    . . .     SeeInvis +   a - +1 dagger
rCold    . . .     Gourm    .   (shield restricted)
rNeg     . . .     Faith    .   b - +0 robe
rPois    .         Spirit   .   (helmet restricted)
rElec    .         Reflect  .   v - +0 cloak
rCorr    .         Harm     .   (gloves unavailable)
MR       .....                  (boots unavailable)
Stlth    ++++......             (no amulet)
HPRegen  0.08/turn              (no ring)
MPRegen  0.12/turn              (no ring)

@: paralysed, very quick
A: very small, unfitting armour, see invisible, herbivore, speed 3, slow
metabolism 2
a: no special abilities


You were on level 3 of the Dungeon.
You were not hungry.

You visited 1 branch of the dungeon, and saw 3 of its levels.

You collected 93 gold pieces.

Inventory:

Hand Weapons
 a - a +1 dagger (weapon)
Missiles
 q - 9 poisoned darts (quivered)
Armour
 b - a +0 robe (worn)
 v - a +0 cloak (worn)
Jewellery
 h - an uncursed amulet of faith {unknown}
 s - an uncursed amulet of magic regeneration {unknown}
Wands
 u - a wand of random effects (11)
Scrolls
 f - 2 scrolls of magic mapping {unknown}
 g - a scroll of fog {unknown}
 j - 2 scrolls of remove curse {unknown}
 k - a scroll of enchant armour {unknown}
 m - 2 scrolls of identify {unknown}
 o - a scroll of fear {unknown}
 p - a scroll of random uselessness {unknown}
Potions
 c - a potion of mutation {unknown}
 e - 2 potions of cancellation {unknown}
 i - a potion of haste {unknown}
 l - 2 potions of heal wounds {unknown}
 n - a potion of stabbing {unknown}
 r - a potion of lignification {unknown}
 t - a potion of degeneration {unknown}
Comestibles
 d - 6 rations


   Skills:
 + Level 2.3 Short Blades
 - Level 3.2 Dodging
 - Level 9.6 Stealth
 - Level 2.7 Spellcasting
 - Level 3.8 Hexes


You had 6 spell levels left.
You knew the following spells:

 Your Spells              Type           Power        Failure   Level  Hunger
a - Corona                Hex            ##.....      4%          1    #......
b - Ensorcelled Hibernat  Hex/Ice        #.....       13%         2    ##.....

Your spell library contained the following spells:

 Spells                   Type           Power        Failure   Level  Hunger
 Confusing Touch          Hex            ##......     12%         3    ###....
 Tukima's Dance           Hex            ##......     12%         3    ###....
 Dazzling Flash           Conj/Hex       #.....       26%         3    ###....


Dungeon Overview and Level Annotations

Branches:
Dungeon (3/15)

Altars:
Nemelex Xobeh

Annotations:
D:3 Grinder


Innate Abilities, Weirdness & Mutations

You are very small and have problems with some larger weapons.
You are too small for most types of armour.
You have supernaturally acute eyesight. (SInv)
You are a herbivore.
You cover ground extremely quickly.
You need to consume almost no food.


Message History

The dart slug barely misses you.
You hit the dart slug but do no damage. The hobgoblin misses you.
You hit the dart slug.
The dart slug is lightly wounded.
The dart slug completely misses you.
Grinder grins, showing sharp teeth.
A giant cockroach comes into view.
The hobgoblin barely misses you. Grinder gestures at you.
You suddenly lose the ability to move!
The dart slug launches a dart at you. The slug dart hits you.
Grinder gestures at you. Pain shoots through your body!
The hobgoblin hits you with a +0 club. The hobgoblin hits you with a +0 club!
* * * LOW HITPOINT WARNING * * *
The dart slug barely misses you. The hobgoblin hits you with a +0 club.
* * * LOW HITPOINT WARNING * * *
The giant cockroach bites you.
You die...

.. #.## # #
#..##s#
#.##...#.####
...........
######.........
..<..#..##.#
#..sgw5.#
###.@#######
#.........
########..#######
..........######
#########........
............#####
#########...#
##..# #..#


You could see Grinder, a dart slug, a giant cockroach and a hobgoblin.

Vanquished Creatures
  Sigmund (D:2)
  Crazy Yiuf (D:2)
  Terence (D:2)
  2 adders
  A dart slug (D:1)
  A ball python (D:2)
  4 bats (D:2)
  4 giant cockroaches
  2 goblins
  4 hobgoblins
  2 jackals (D:1)
  A quokka (D:2)
  2 frilled lizards
  2 kobolds (D:1)
  12 rats
40 creatures vanquished.

Notes
Turn   | Place    | Note
-------+----------+-------------------------------------------
     0 | D:1      | Apogee the Spriggan Enchanter began the quest for the Orb.
     0 | D:1      | Reached XP level 1. HP: 9/9 MP: 5/5
   363 | D:1      | Reached XP level 2. HP: 13/13 MP: 6/6
   424 | D:1      | Reached skill level 5 in Stealth
  1195 | D:1      | Found a sparkling altar of Nemelex Xobeh.
  1342 | D:2      | Learned a level 2 spell: Ensorcelled Hibernation
  1389 | D:2      | Reached skill level 6 in Stealth
  1389 | D:2      | Reached XP level 3. HP: 16/16 MP: 5/8
  1454 | D:2      | Found a runed translucent door.
  1455 | D:2      | Noticed Crazy Yiuf
  1549 | D:2      | Noticed Sigmund
  1566 | D:2      | Noticed Terence
  1571 | D:2      | Killed Terence
  1571 | D:2      | Reached skill level 7 in Stealth
  1631 | D:2      | Killed Sigmund
  1631 | D:2      | Reached skill level 9 in Stealth
  1631 | D:2      | Reached XP level 4. HP: 21/21 MP: 0/9
  1631 | D:2      | Reached XP level 5. HP: 24/24 MP: 0/10
  2108 | D:2      | Killed Crazy Yiuf
  2266 | D:3      | Noticed Grinder
  2270 | D:3      | Paralysed by Grinder for 6 turns
  2274 | D:3      | HP: 1/24 [hobgoblin/+0 club (2)]
  2275 | D:3      | Slain by a giant cockroach

Illustrated notes

Levels and vault maps discovered:
D:1:      minmay_arrival_checkered_box, layout_basic,
          nemelex_diamond_rough_becter
D:2:      layout_rooms, first_ration, uniq_sigmund, uniq_terence,
          uniq_crazy_yiuf_cottage
D:3:      layout_loops_ring, nicolae_overflow_hidden_temple, led_sif_book,
          yredelemnul_altar_generic, eat_drink_and_be_merry_uskayaw,
          chequers_ecumenical_altar_island, kennysheep_pointless_box,
          uniq_grinder

Skill      XL: |  1  2  3  4  5 |
---------------+----------------+-----
Stealth        | 6 9 |  9.6
Short Blades   | 2 |  2.3
Dodging        | |  3.2
Spellcasting   | |  2.7
Hexes          | |  3.8

Action                   |  1- 3 |  4- 6 || total
-------------------------+-------+-------++-------
Melee: Dagger            |   124 |    48 ||   172
 Cast: Corona            |    12 |       ||    12
       Ensorcelled Hiber |     5 |     2 ||     7
 Stab: Sleeping          |    10 |     8 ||    18
Armor: Robe              |     7 |     7 ||    14
Dodge: Dodged            |   108 |    43 ||   151
